 Dungeon Crawl Stone Soup version 0.22-a0-284-g99d1f74 (webtiles) character file.

5763 kidcy the Basher (level 10, -5/82 HPs)
             Began as a Demonspawn Gladiator on Mar 21, 2018.
             Was a Believer of Makhleb.
             Slain by a sky beast (6 damage)
             ... on level 10 of the Dungeon.
             The game lasted 00:30:22 (11086 turns).

kidcy the Basher (Demonspawn Gladiator)            Turns: 11086, Time: 00:30:23

Health: -5/82      AC: 17    Str: 17    XL:     10   Next: 49%
Magic:  0/14       EV:  6    Int: 10    God:    Makhleb [**....]
Gold:   605        SH:  0    Dex: 15    Spells: 9/9 levels left

rFire    . . .     SeeInvis +   b - +0 morningstar
rCold    . . .     Gourm    .   (no shield)
rNeg     . . .     Faith    .   F - +0 plate armour
rPois    .         Spirit   +   (helmet restricted)
rElec    .         Reflect  .   (no cloak)
rCorr    .         Harm     .   k - +2 pair of gloves
MR       +....                  (no boots)
Stlth    ..........             (no amulet)
HPRegen  0.23/turn              y - ring of see invisible
MPRegen  0.28/turn              v - ring of protection from magic

@: lethally poisoned (-5 -> -7)
A: antennae 1, rugged brown scales 1, foul stench 2, magic shield, magic
regeneration, rot immunity
a: Minor Destruction, Renounce Religion


You were on level 10 of the Dungeon.
You worshipped Makhleb.
Makhleb was pleased with you.
You were not hungry.

You visited 2 branches of the dungeon, and saw 11 of its levels.

You collected 605 gold pieces.

Inventory:

Hand Weapons
 b - a +0 morningstar (weapon)
 u - a +0 flail of protection
Missiles
 d - a throwing net (quivered)
 l - 5 javelins of penetration
Armour
 g - a +0 buckler
 k - a +2 pair of gloves (worn)
 F - a +0 plate armour (worn)
Jewellery
 h - an uncursed ring of wizardry
 i - an uncursed amulet of harm {unknown}
 t - an uncursed ring of wizardry
 v - a ring of protection from magic (right hand)
 y - a ring of see invisible (left hand)
 D - an uncursed ring of positive energy {unknown}
Wands
 a - a wand of random effects (8)
 A - a wand of flame (30)
Scrolls
 e - 3 scrolls of remove curse
 j - 2 scrolls of amnesia
 p - 3 scrolls of teleportation
 s - a scroll of fear
Potions
 m - 3 potions of mutation
 n - 2 potions of ambrosia
 o - 4 potions of flight
 q - a potion of might
 r - 2 potions of magic
 z - a potion of brilliance
 B - a potion of cancellation {unknown}
Comestibles
 f - 21 rations


   Skills:
 + Level 7.8 Fighting
 * Level 10.2 Maces & Flails
 - Level 1.7 Throwing
 + Level 6.8 Armour
 - Level 2.6 Dodging
 + Level 6.0 Invocations


You had 9 spell levels left.
You didn't know any spells.

Dungeon Overview and Level Annotations

Branches:
Dungeon (10/15)            Temple (1/1) D:6
   Lair: D:8-11         Orc: D:9-12

Altars:
Cheibriados
Dithmenos
Elyvilon
Fedhas
Gozag
Hepliaklqana
Kikubaaqudgha
Makhleb
Nemelex Xobeh
Okawaru
Qazlal
Ru
Sif Muna
Trog
Vehumet
Wu Jian
Xom
Yredelemnul
Zin
The Shining One

Annotations:
D:4 exclusion: downstairs


Innate Abilities, Weirdness & Mutations

You have a pair of small antennae on your head.
You are partially covered in rugged brown scales. (AC +1, +3% HP)
You frequently emit foul miasma when damaged in melee.
When hurt, damage is shared between your health and your magic reserves.
You regenerate magic rapidly.
You are immune to rotting.


Message History

You feel sick.
Unknown command.
The killer bee stings you but does no damage. x3
The sky beast hits you but does no damage.
You feel sick.
The killer bee stings you but does no damage. x2
The sky beast flickers out of sight for a moment.
You feel sick.
The killer bee stings you but does no damage.
The killer bee closely misses you.
The killer bee stings you but does no damage.
The sky beast hits you but does no damage.
The killer bee stings you.
* * * LOW HITPOINT WARNING * * *
The killer bee barely misses you.
The orc wizard points at you and mumbles some strange words.
The magic dart hits the sky beast.
The sky beast hits you.
* * * LOW HITPOINT WARNING * * *
The sky beast shocks you.
You die...

###########
#.........#
##########....?....#
........##..!......#
.......<##..@.(....#
........##.Yyy.....#
.......ooo..........
........#..........#
........##.........#
........########.###
####+#### ..# ... #+


You could see an orc warrior, a sky beast (invisible), 2 killer bees, an orc
wizard and an orc.

Vanquished Creatures
  The ghost of matakusis the Summoner, a novice DESu of Sif Muna (D:7)
  The ghost of Arum the Skirmisher, a novice FoMo (D:5)
  A queen bee (D:9)
  Prince Ribbit (D:5)
  3 hippogriffs
  A water moccasin (D:6)
  2 orc warriors (D:6)
  6 ice beasts
  A sky beast (D:7)
  2 phantoms
  6 ogres
  A centaur (D:7)
  A big kobold (D:7)
  3 bullfrogs
  A wyvern skeleton (D:9)
  2 scorpions
  14 killer bees
  5 wights
  2 electric eels (D:5)
  2 howler monkeys (D:4)
  2 crimson imps (D:5)
  A bullfrog skeleton (D:6)
  2 hounds
  2 jellies
  5 orc priests
  13 orc wizards
  An iguana (D:5)
  5 worker ants
  A hound zombie (D:3)
  7 gnolls
  6 adders
  A shadow imp (D:9)
  An ooze (D:1)
  An adder skeleton (D:5)
  4 worms
  3 dart slugs
  3 leopard geckos (D:1)
  45 orcs
  5 giant cockroaches
  7 goblins
  10 hobgoblins
  16 jackals
  A quokka (D:3)
  6 bats
  8 frilled lizards
  14 kobolds
  A leopard gecko zombie (D:6)
  A quokka zombie (D:5)
  9 rats
  2 plants (D:5)
239 creatures vanquished.

Vanquished Creatures (others)
  An orc (D:7)
1 creature vanquished.

Grand Total: 240 creatures vanquished

Notes
Turn   | Place    | Note
-------+----------+-------------------------------------------
     0 | D:1      | kidcy the Demonspawn Gladiator began the quest for the Orb.
     0 | D:1      | Reached XP level 1. HP: 16/16 MP: 1/1
   264 | D:1      | Reached skill level 3 in Maces & Flails
   264 | D:1      | Gained mutation: You are immune to rotting. [demonic ancestry]
   264 | D:1      | Reached XP level 2. HP: 22/22 MP: 2/2
   604 | D:1      | Reached skill level 1 in Armour
   635 | D:1      | Reached XP level 3. HP: 28/28 MP: 3/3
  1192 | D:2      | Found a shadowy altar of Dithmenos.
  1225 | D:2      | Found a sacrificial altar of Ru.
  1463 | D:2      | Reached XP level 4. HP: 34/34 MP: 4/4
  1832 | D:2      | Reached skill level 4 in Maces & Flails
  2035 | D:2      | Found a blossoming altar of Fedhas.
  2608 | D:3      | Found a shimmering altar of Xom.
  2611 | D:3      | Noticed an angel
  2614 | D:3      | Found a glowing silver altar of Zin.
  2804 | D:3      | Gained mutation: You may emit foul miasma when damaged in melee. [demonic ancestry]
  2804 | D:3      | Reached XP level 5. HP: 38/41 MP: 5/5
  3155 | D:3      | Found a deep blue altar of Sif Muna.
  3463 | D:4      | Found a hazy altar of Hepliaklqana.
  3755 | D:4      | Gained mutation: You frequently emit foul miasma when damaged in melee. [demonic ancestry]
  3755 | D:4      | Reached XP level 6. HP: 38/47 MP: 6/6
  3898 | D:4      | Reached skill level 5 in Maces & Flails
  4199 | D:4      | Gained mutation: You are partially covered in rugged brown scales. (AC +1, +3% HP) [demonic ancestry]
  4199 | D:4      | Reached XP level 7. HP: 38/55 MP: 7/7
  4409 | D:5      | Entered Level 5 of the Dungeon
  4472 | D:5      | Reached skill level 6 in Maces & Flails
  4968 | D:5      | Noticed Prince Ribbit
  4989 | D:5      | Killed Prince Ribbit
  4989 | D:5      | Reached skill level 5 in Fighting
  4989 | D:5      | Gained mutation: When hurt, damage is shared between your health and your magic reserves. [demonic ancestry]
  4989 | D:5      | Reached XP level 8. HP: 9/63 MP: 8/8
  5276 | D:5      | Noticed Arum's ghost (novice FoMo)
  5277 | D:5      | Found a transporter.
  5678 | D:4      | Reached skill level 7 in Maces & Flails
  5994 | D:5      | Killed Arum's ghost
  6088 | D:5      | Found a transporter.
  6321 | D:5      | Reached skill level 8 in Maces & Flails
  6321 | D:5      | Reached skill level 5 in Armour
  6600 | D:5      | Found a white marble altar of Elyvilon.
  6618 | D:5      | Gained mutation: You have a pair of small antennae on your head. [demonic ancestry]
  6618 | D:5      | Reached XP level 9. HP: 64/71 MP: 7/9
  6842 | D:6      | Found a staircase to the Ecumenical Temple.
  6848 | Temple   | Entered the Ecumenical Temple
  6894 | Temple   | Became a worshipper of Makhleb the Destroyer
  7143 | D:6      | Reached skill level 1 in Invocations
  7424 | D:6      | Reached * piety under Makhleb
  8147 | D:7      | Noticed matakusis's ghost (novice DESu)
  8552 | D:7      | Found an ancient bone altar of Kikubaaqudgha.
  8553 | D:7      | Found a radiant altar of Vehumet.
  8560 | D:7      | Got a transparent trident
  8562 | D:7      | Identified the cursed +0 trident of the Neverending Tales {freeze, rF+ Dex+5} (You found it on level 7 of the Dungeon)
  8640 | D:7      | Killed matakusis's ghost
  8640 | D:7      | Reached skill level 9 in Maces & Flails
  9408 | D:7      | Found a white marble altar of Elyvilon.
  9577 | D:8      | Gained mutation: You regenerate magic rapidly. [demonic ancestry]
  9577 | D:8      | Reached XP level 10. HP: 81/81 MP: 11/13
  9605 | D:8      | Found a basalt altar of Yredelemnul.
 10041 | D:8      | Found an ornate altar of the Wu Jian Council.
 10495 | D:9      | Found an iron altar of Okawaru.
 10533 | D:9      | Found a glowing golden altar of the Shining One.
 10662 | D:9      | Reached skill level 5 in Invocations
 10716 | D:9      | Reached ** piety under Makhleb
 10779 | D:9      | Reached skill level 10 in Maces & Flails
 11078 | D:10     | Entered Level 10 of the Dungeon
 11085 | D:10     | HP: 4/82 [poisoned by a killer bee]
 11086 | D:10     | HP: 1/82 [sky beast (2)]
 11086 | D:10     | Slain by a sky beast

Vault maps used:
D:1:      lightli_iron_boxes, minmay_heptomino_l4
D:2:      nicolae_ru_awakened_eye, grunt_dithmenos_smoke_and_mirrors,
          fedhas_altar_4
D:3:      kennysheep_big_flooded_room, grunt_temple_overflow_order_and_chaos_1,
          lemuel_doored_altar
D:4:      lemuel_crystal_altar
D:5:      gammafunk_steamed_eel, first_ration, grunt_ministairs_7,
          elyvilon_altar_5, uniq_prince_ribbit1
D:6:      minmay_temple_entry_hall, lightli_orcish_oven
D:7:      kennysheep_mini_moat, gammafunk_temple_overflow_statue
D:8:      old_standard_altar, lemuel_round_altar
D:9:      lemuel_crystal_altar, nicolae_overflow_crystal_walls, special_room,
          uniq_pikel
D:10:     david_nohive_1, minmay_misc_feat_enclosed, hex_intersection,
          david_defended_altar_orc
Temple:   compressed_dpeg_triangle_lava_temple

Skill      XL: |  1  2  3  4  5  6  7  8  9 10 |
---------------+-------------------------------+-----
Maces & Flails | 3 4 5 6 8 9 10 | 10.2
Armour         | 1 2 3 5 6 |  6.8
Fighting       | 3 4 5 6 7 |  7.8
Invocations    | 4 6 |  6.0
Throwing       | |  1.7
Dodging        | |  2.6

Action                   |  1- 3 |  4- 6 |  7- 9 | 10-12 || total
-------------------------+-------+-------+-------+-------++-------
Melee: Flail             |   138 |   155 |       |       ||   293
       Morningstar       |       |   140 |   478 |   162 ||   780
Throw: Throwing net      |     1 |     1 |       |       ||     2
       Javelin           |       |     2 |       |       ||     2
Evoke: Wand              |       |       |    48 |    20 ||    68
  Use: Scroll            |       |    10 |     7 |     3 ||    20
       Potion            |       |     1 |    10 |       ||    11
  Eat: Ration            |     1 |       |     1 |     1 ||     3
       Chunk             |       |     8 |    14 |     2 ||    24
Armor: Ring mail         |    71 |     8 |       |       ||    79
       Scale mail        |       |   128 |       |       ||   128
       Chain mail        |       |    10 |   187 |       ||   197
       Plate armour      |       |       |   150 |   197 ||   347
Dodge: Dodged            |   114 |   190 |   172 |    66 ||   542

Table legend:
 A = Spawn XP
 B = Non-spawn XP
 C = Spawn XP percentage of total XP
 D = Spawn monster count
 E = Non-spawn monster count
 F = Spawn count percentage of total count
 G = Total turns spent on level
                    A         B        C        D         E        F      G
               +---------+---------+-------+---------+---------+-------+---------
         Total |       0 |    8233 |   0.0 |       0 |     237 |   0.0 | 11086
               +---------+---------+-------+---------+---------+-------+---------
           D:1 |       0 |      77 |   0.0 |       0 |      32 |   0.0 |  1380
           D:2 |       0 |      94 |   0.0 |       0 |      18 |   0.0 |  1092
           D:3 |       0 |      70 |   0.0 |       0 |      26 |   0.0 |   990
           D:4 |       0 |     672 |   0.0 |       0 |      30 |   0.0 |  1590
           D:5 |       0 |    1887 |   0.0 |       0 |      43 |   0.0 |  1672
           D:6 |       0 |     891 |   0.0 |       0 |      27 |   0.0 |  1471
           D:7 |       0 |    1587 |   0.0 |       0 |      26 |   0.0 |  1202
           D:8 |       0 |     797 |   0.0 |       0 |       7 |   0.0 |   989
           D:9 |       0 |    2158 |   0.0 |       0 |      28 |   0.0 |   627
               +---------+---------+-------+---------+---------+-------+---------
